 Dungeon Crawl Stone Soup version 0.31.0-32-g396128a36d (webtiles) character file.

Game seed: 12673106310400764959

830 Minsecho the Slasher (level 8, -1/62 HPs)
             Began as a Formicid Fighter on Mar 10, 2024.
             Slain by an orc priest
             ... wielding a +0 mace
              (4 damage)
             ... on level 5 of the Dungeon.
             The game lasted 00:07:08 (3494 turns).

Minsecho the Slasher (Formicid Fighter)             Turns: 3494, Time: 00:07:09

Health: -1/62      AC: 13    Str: 21    XL:     8   Next: 18%
Magic:  8/8        EV:  6    Int:  8    God:
Gold:   101        SH:  5    Dex: 15    Spells: 7/7 levels left

rFire   . . .        a - +0 long sword
rCold   . . .        c - +0 buckler
rNeg    . . .        l - +0 plate armour
rPois   .            (helmet unavailable)
rElec   .            (no cloak)
rCorr   .            g - +0 pair of gloves
SInv    +            (no boots)
Will    .....        (no amulet) Stlth
                     e - ring of flight
HPRegen 0.30/turn    (no ring)
MPRegen 0.11/turn

%: no passive effects
@: flying
A: permanent stasis, dig shafts and tunnels, antennae 3, four strong arms
a: Dig, Shaft Self


You were on level 5 of the Dungeon.
You visited 2 branches of the dungeon, and saw 6 of its levels.

You collected 101 gold pieces.

Inventory:

Hand Weapons
 a - a +0 long sword (weapon)
Armour
 b - a +0 scale mail
 c - a +0 buckler (worn)
 g - a +0 pair of gloves (worn)
 l - a +0 plate armour (worn)
Jewellery
 e - a ring of flight (left hand)
Scrolls
 f - 2 scrolls of blinking {unknown}
 h - a scroll of fear {unknown}
 p - 2 scrolls of teleportation {unknown}
 q - 2 scrolls of vulnerability {unknown}
 r - a scroll of butterflies {unknown}
 s - a scroll of enchant armour {unknown}
 u - a scroll of noise {unknown}
Potions
 d - a potion of might
 i - a potion of enlightenment
 k - a potion of attraction {unknown}
 m - 2 potions of heal wounds {unknown}
 n - a potion of magic {unknown}
 o - a potion of resistance
 t - a potion of lignification {unknown}


   Skills:
 + Level 5.0 Fighting
 + Level 6.4 Long Blades
 + Level 5.2 Armour
 + Level 0.7 Dodging
 + Level 5.5 Shields


You had 7 spell levels left.
You didn't know any spells.
Your spell library contained the following spells:

 Spells                   Type           Power      Damage    Failure   Level
 Foxfire                  Conj/Fire      0%         2x1d4     100%        1
 Dazzling Flash           Conj/Hex       0%         N/A       100%        3
 Volatile Blastmotes      Fire/Tloc      0%         2d10      100%        3
 Fulminant Prism          Conj/Alch      0%         3d5       100%        4
 Iskenderun's Mystic Bla  Conj/Tloc      0%         2d3       100%        4
 Passage of Golubria      Tloc           0%         N/A       100%        4
 Fireball                 Conj/Fire      0%         3d3       100%        5
 Plasma Beam              Fire/Air       0%         2x1d10    100%        6
 Starburst                Conj/Fire      0%         6d3       100%        6


Dungeon Overview and Level Annotations

Branches:
Dungeon (5/15)             Temple (1/1) D:4

Altars:
Dithmenos
Elyvilon
Fedhas
Gozag
Makhleb
Nemelex Xobeh
Qazlal
Ru
Sif Muna
Vehumet
Xom
Yredelemnul
Zin
The Shining One

Shops:
D:1 =


Innate Abilities, Weirdness & Mutations

You cannot be hasted, slowed, berserked, paralysed or teleported.
You can dig through walls and to a lower floor.
You have a pair of large antennae on your head. (SInv)
Your four strong arms can wield two-handed weapons with a shield.


Message History

The orc closely misses you. You block the orc priest's attack.
You hit the orc priest.
The orc priest is moderately wounded.
The orc priest hits you but does no damage.
The orc hits you but does no damage.
You barely miss the orc priest.
The orc priest is moderately wounded.
The orc hits you but does no damage.
The orc priest hits you but does no damage.
You barely miss the orc priest.
The orc priest is moderately wounded.
The orc priest casts a cantrip, but nothing happens.
The orc hits you but does no damage. x2
The orc priest hits you with a +0 mace.
You closely miss the orc priest.
The orc priest is moderately wounded.
The orc priest begins to cast a cantrip, but forgets the words!
You block the orc's attack.
You hit the orc priest.
The orc priest is heavily wounded.
You block the orc's attack. The orc priest hits you with a +0 mace.
You slash the orc priest!
The orc priest is almost dead.
The orc barely misses you. The orc priest closely misses you.
You closely miss the orc priest.
The orc priest is almost dead.
The orc hits you but does no damage.
The orc priest calls down the wrath of Beogh upon you.
Pain shoots through your body!
* * * LOW HITPOINT WARNING * * *
You barely miss the orc priest.
The orc priest is almost dead.
The orc barely misses you.
The orc priest mumbles some strange prayers to Beogh against you.
Beogh smites you!
* * * LOW HITPOINT WARNING * * *
You closely miss the orc priest.
The orc priest is almost dead.
The orc priest hits you with a +0 mace.
You die...

#......#.#. #####
#...<....# ...
#....#####. ... #....# #.
... #...># #.
##)####'######....#####.
...o....................
####oo..###.#.§...≈..
#@##.# #.#........
#####.##.###.#...≈...§
#..........#.#........
#.....##.#.#.#.≈...§..
.........................
......$.............§...≈
.....................§...
..................≈.§.§..
.........................


You could see an orc priest and an orc.

Vanquished Creatures
  Grinder (D:5)
  Sigmund (D:3)
  2 scorpions
  A howler monkey (D:4)
  3 orc priests
  3 iguanas
  Natasha (thrice) (D:3)
  2 adders
  2 dart slugs
  A ribbon worm (D:3)
  3 orcs (D:3)
  5 endoplasms
  4 giant cockroaches
  8 goblins
  4 hobgoblins
  8 jackals
  2 quokkas
  5 ball pythons
  5 bats
  2 frilled lizards
  9 kobolds
  2 rats (D:3)
76 creatures vanquished.

Notes
Turn   | Place    | Note
-------+----------+-------------------------------------------
     0 | D:1      | Minsecho the Formicid Fighter began the quest for the Orb.
     0 | D:1      | Reached XP level 1. HP: 18/18 MP: 1/1
   147 | D:1      | Reached XP level 2. HP: 24/24 MP: 2/2
   396 | D:1      | Reached XP level 3. HP: 29/30 MP: 3/3
   628 | D:1      | Found Loorut's Jewellery Shop.
  1643 | D:3      | Noticed Natasha
  1648 | D:3      | Killed Natasha
  1649 | D:3      | Reached XP level 4. HP: 30/37 MP: 4/4
  1741 | D:3      | Noticed Sigmund
  1768 | D:3      | Killed Sigmund
  1769 | D:3      | Reached skill level 4 in Long Blades
  1769 | D:3      | Reached XP level 5. HP: 36/42 MP: 5/5
  1769 | D:3      | Reached XP level 6. HP: 42/48 MP: 6/6
  1847 | D:3      | Noticed Natasha
  1866 | D:3      | Killed Natasha
  2320 | D:3      | Noticed Natasha
  2327 | D:3      | Killed Natasha
  2328 | D:3      | Reached skill level 5 in Shields
  2607 | D:4      | Reached skill level 5 in Long Blades
  2607 | D:4      | Reached XP level 7. HP: 55/55 MP: 7/7
  2610 | D:4      | Found a staircase to the Ecumenical Temple.
  2619 | Temple   | Entered the Ecumenical Temple
  2724 | D:4      | Got the Almanac of Bright Places
  3117 | D:4      | Found a radiant altar of Vehumet.
  3144 | D:4      | Found a glowing silver altar of Zin.
  3195 | D:5      | Entered Level 5 of the Dungeon
  3290 | D:5      | Noticed Grinder
  3311 | D:5      | Killed Grinder
  3312 | D:5      | Reached skill level 6 in Long Blades
  3312 | D:5      | Reached skill level 5 in Armour
  3312 | D:5      | Reached XP level 8. HP: 42/61 MP: 8/8
  3385 | D:5      | Reached skill level 5 in Fighting
  3493 | D:5      | HP: 3/62 [orc priest/divine providence (8)]
  3494 | D:5      | Slain by an orc priest

Illustrated notes

Levels and vault maps discovered:
D:1:      dpeg_arrival_orchard, layout_basic, serial_shops,
          nicolae_shop_just_a_little_nook
D:2:      layout_loops_ring
D:3:      layout_basic, uniq_sigmund, uniq_natasha
D:4:      layout_gridville, mainiacjoe_overflow_surrounded_room,
          kennysheep_mini, minmay_temple_entry_crystal_x, st_stairs_12
D:5:      layout_basic, mainiacjoe_overflow_small_starburst,
          general_overflow_altar, kennysheep_crisscross, uniq_ijyb, uniq_grinder
Temple:   minmay_temple_forest_path

Skill      XL: |  1  2  3  4  5  6  7  8 |
---------------+-------------------------+-----
Fighting       | 4 5 |  5.0
Long Blades    | 4 5 6 |  6.4
Armour         | 4 5 |  5.2
Shields        | 5 |  5.5
Dodging        | |  0.7

Action                     |  1- 3 |  4- 6 |  7- 9 || total
---------------------------+-------+-------+-------++-------
  Melee: Long sword        |    77 |   113 |   113 ||   303
    Use: Scroll            |       |       |     2 ||     2
 Armour: Scale mail        |    40 |       |       ||    40
         Plate armour      |     8 |    73 |    88 ||   169
  Dodge: Dodged            |    28 |    40 |    33 ||   101
  Block: Buckler           |    11 |    27 |    30 ||    68
